 Dungeon Crawl Stone Soup version 0.24-b1-44-g37ad8b309f (webtiles) character file.

Game seed: 16469589142138290499, levelgen mode: deterministic

236 Mrkan the Poker (level 5, -2/47 HPs)
             Began as a Draconian Monk on Oct 24, 2019.
             Was a Priest of Zin.
             Slain by a gnoll
             ... wielding a +0 halberd
              (13 damage)
             ... on level 4 of the Dungeon.
             The game lasted 00:08:26 (3185 turns).

Mrkan the Poker (Draconian Monk)                    Turns: 3185, Time: 00:08:26

Health: -2/47      AC:  5    Str: 14    XL:     5   Next: 77%
Magic:  6/6        EV: 13    Int: 10    God:    Zin [***...]
Gold:   123        SH:  0    Dex: 14    Spells: 4/4 levels left

rFire    . . .     SeeInvis .   j - +1 halberd (chop)
rCold    . . .     Gourm    .   (shield currently unavailable)
rNeg     . . .     Faith    .   (armour unavailable)
rPois    .         Spirit   .   (helmet restricted)
rElec    .         Reflect  .   (no cloak)
rCorr    .         Harm     .   (no gloves)
MR       .....                  (no boots)
Stlth    ++........             (no amulet)
HPRegen  0.15/turn              (no ring)
MPRegen  0.10/turn              (no ring)

@: no status effects
A: unfitting armour, cold-blooded, AC +5
a: Recite, Vitalisation, Imprison, Donate Gold, Renounce Religion


You were on level 4 of the Dungeon.
You worshipped Zin.
Zin was most pleased with you.
You were not hungry.

You visited 1 branch of the dungeon, and saw 4 of its levels.

You collected 136 gold pieces.
You donated 13 gold pieces to Zin.

Inventory:

Hand Weapons
 a - a +0 spear
 j - a +1 halberd of chopping (weapon)
 o - a +2 whip of draining
Missiles
 d - 142 stones (quivered)
 e - 4 boomerangs
 r - 21 sling bullets
Armour
 p - a cursed +0 shield
Scrolls
 c - a scroll of enchant armour {unknown}
 f - a scroll of fear {unknown}
 g - 10 scrolls of identify {unknown}
 h - 6 scrolls of teleportation {unknown}
 i - a scroll of magic mapping {unknown}
 n - a scroll of remove curse {unknown}
Potions
 k - a potion of heal wounds {unknown}
 l - a potion of haste {unknown}
 m - a potion of agility {unknown}
 q - a potion of berserk rage {unknown}
Comestibles
 b - 3 rations


   Skills:
 + Level 4.7 Fighting
 * Level 5.2 Polearms
 - Level 2.6 Dodging
 - Level 1.7 Stealth
 + Level 2.2 Invocations


You had 4 spell levels left.
You didn't know any spells.
Your spell library was empty.

Dungeon Overview and Level Annotations

Branches:
Dungeon (4/15)
 Temple: D:4-7

Altars:
Nemelex Xobeh
Sif Muna
Wu Jian
Xom
Yredelemnul
Zin
The Shining One


Innate Abilities, Weirdness & Mutations

Your plain brown scales are hard. (AC +5)
You cannot fit into any form of body armour.
You are cold-blooded and may be slowed by cold attacks.


Message History

You hit the gnoll shaman.
The gnoll shaman is moderately wounded.
The gnoll hits you from afar with a +0 spear.
The gnoll hits you from afar with a cursed -2 spear.
The gnoll shaman calls upon its god to speed up the gnoll.
The gnoll seems to speed up.
The gnoll hits you from afar with a +0 spear.
The gnoll hits you from afar with a cursed -2 spear.
The gnoll shaman barely misses you.
You hit the gnoll shaman.
The gnoll shaman is moderately wounded.
The gnoll barely misses you. The gnoll misses you.
The gnoll closely misses you.
The gnoll shaman hits you with a +0 whip!
* * * LOW HITPOINT WARNING * * *
The gnoll closely misses you.
A gnoll comes into view. It is wielding a +0 halberd.
You see here a gnoll corpse.
The gnoll is no longer moving quickly.
The gnoll hits you with a +0 halberd!
You die...

.....# ........+
.......# ......#
....# ...#
########'##
#...g@g.g.#####
#.######.g#...###
#.# ##........#
#.##.#####..........
#.....g..g.........#
####.###...........#
#...............#
########........#
#........#


You could see a gnoll shaman and 3 gnolls.

Vanquished Creatures
  2 worker ants
  A hound skeleton (D:2)
  Robin (D:3)
  2 gnolls
  5 adders (D:3)
  2 worms
  A dart slug (D:2)
  5 leopard geckos
  An orc (D:3)
  5 giant cockroaches
  26 goblins
  8 hobgoblins
  3 jackals (D:3)
  12 kobolds
  A ball python (D:1)
  6 bats
  4 frilled lizards
  5 rats
90 creatures vanquished.

Vanquished Creatures (others)
  Ijyb (D:3)
  2 goblins (D:3)
3 creatures vanquished.

Grand Total: 93 creatures vanquished

Notes
Turn   | Place    | Note
-------+----------+-------------------------------------------
     0 | D:1      | Mrkan the Draconian Monk began the quest for the Orb.
     0 | D:1      | Reached XP level 1. HP: 19/19 MP: 1/1
   116 | D:1      | Reached XP level 2. HP: 23/26 MP: 2/2
   724 | D:1      | Reached XP level 3. HP: 14/33 MP: 3/3
   747 | D:1      | Reached skill level 4 in Polearms
  1054 | D:2      | Found a basalt altar of Yredelemnul.
  1055 | D:2      | Found a glowing silver altar of Zin.
  1056 | D:2      | Found a glowing golden altar of the Shining One.
  1056 | D:2      | Found an ornate altar of the Wu Jian Council.
  1057 | D:2      | Found a shimmering altar of Xom.
  1057 | D:2      | Found a shimmering blue altar of Sif Muna.
  1057 | D:2      | Found a sparkling altar of Nemelex Xobeh.
  1192 | D:2      | Became a worshipper of Zin the Law-Giver
  1192 | D:2      | Reached * piety under Zin
  1192 | D:2      | Reached ** piety under Zin
  1349 | D:2      | Reached XP level 4. HP: 39/40 MP: 4/4
  1613 | D:2      | Reached skill level 1 in Invocations
  1847 | D:2      | Reached *** piety under Zin
  2127 | D:3      | Noticed Robin
  2130 | D:3      | Killed Robin
  2149 | D:3      | Reached XP level 5. HP: 41/47 MP: 6/6
  2537 | D:3      | Reached skill level 5 in Polearms
  2788 | D:3      | Noticed Ijyb
  2804 | D:3      | Killed Ijyb
  3185 | D:4      | Slain by a gnoll

Skill      XL: |  1  2  3  4  5 |
---------------+----------------+-----
Polearms       | 4 5 |  5.2
Fighting       | 4 |  4.7
Invocations    | 1 2 |  2.2
Dodging        | |  2.6
Stealth        | |  1.7

Action                   |  1- 3 |  4- 6 || total
-------------------------+-------+-------++-------
Melee: Spear             |    97 |       ||    97
       Tailslap          |    10 |    16 ||    26
       Halberd           |    11 |   126 ||   137
Throw: Stone             |       |    11 ||    11
 Stab: Sleeping          |     5 |     3 ||     8
  Eat: Chunk             |     1 |     5 ||     6
       Ration            |       |     1 ||     1
Armor: Skin              |    27 |    44 ||    71
Dodge: Dodged            |    63 |   109 ||   172
